 Dungeon Crawl Stone Soup version 0.28.0-1-gb440e238dd (webtiles) character file.

Game seed: 12569284915042669252

61259 firemarshallily the Bludgeoner (level 14, -5/133 HPs)
             Began as a Minotaur Berserker on Feb 23, 2022.
             Was a High Priest of Trog.
             Slain by a death yak (9 damage)
             ... while petrified by a basilisk
             ... on level 5 of the Lair of Beasts.
             The game lasted 01:35:15 (16178 turns).

firemarshallily the Bludgeoner (MiBe)              Turns: 16178, Time: 01:35:16

Health: -5/133     AC: 25    Str: 28    XL:     14   Next: 60%
Magic:  13/13      EV:  2    Int:  6    God:    Trog [*****.]
Gold:   948        SH:  0    Dex: 12    Spells: 13/13 levels left

rFire   . . .      SeeInvis .   B - +5 flail (freeze)
rCold   + . .      Faith    .   u - orb {light}
rNeg    + + +      Spirit   .   s - +1 plate armour
rPois   ∞          Reflect  .   (helmet restricted)
rElec   .          Harm     .   t - +2 cloak
rCorr   +          Rampage  .   w - +2 pair of gloves {Dex+3}
Will    +....                   (no boots)
Stlth   ..........              g - amulet of the acrobat
HPRegen 0.32/turn               L - ring of resist corrosion
MPRegen 0.13/turn               o - +4 ring of slaying

@: lethally poisoned (-5 -> -5), petrified, on berserk cooldown, slowed, glowing
A: horns 2, retaliatory headbutt, clever 1, cold resistance 1, sense
surroundings 1
a: Renounce Religion, Berserk, Trog's Hand, Brothers in Arms


You were on level 5 of the Lair of Beasts.
You worshipped Trog.
Trog was extremely pleased with you.
You visited 2 branches of the dungeon, and saw 16 of its levels.
You also visited: Sewer and Ice Cave.

You collected 1354 gold pieces.
You spent 406 gold pieces at shops.

Inventory:

Hand Weapons
 B - a +5 flail of freezing (weapon)
 O - a +2 vorpal morningstar
 S - a +5 great mace of flaming
Missiles
 d - 597 stones
 i - 6 throwing nets
 m - a silver boomerang
 A - 8 boomerangs
 H - 3 javelins (quivered)
Armour
 s - a +1 plate armour (worn)
 t - a +2 cloak (worn)
 u - an orb of light (worn)
 w - a +2 pair of gloves of dexterity (worn)
Jewellery
 g - an amulet of the acrobat (around neck)
 k - a ring of ice
 l - a ring of protection from fire
 o - a +4 ring of slaying (right hand)
 F - a ring of fire
 L - a ring of resist corrosion (left hand)
 N - a ring of flight
 T - a ring of willpower
Wands
 a - a wand of acid (6)
 f - a wand of digging (6)
 p - a wand of flame (8)
 q - a wand of paralysis (3)
 v - a wand of iceblast (21)
 M - a wand of polymorph (8)
 P - a wand of charming (4)
 R - a wand of mindburst (10)
Scrolls
 n - 4 scrolls of teleportation
 y - 3 scrolls of enchant weapon
 z - 2 scrolls of identify
 D - a scroll of summoning {unknown}
 E - a scroll of amnesia {unknown}
 G - a scroll of magic mapping
 I - 4 scrolls of fear
 J - 3 scrolls of fog
 K - a scroll of blinking
Potions
 b - a potion of mutation
 e - 3 potions of lignification
 h - 5 potions of haste
 j - 3 potions of cancellation
 r - 3 potions of curing
 x - 5 potions of heal wounds
 C - 3 potions of flight
 Q - 2 potions of might
 U - a potion of berserk rage {unknown}
Miscellaneous
 c - a condenser vane


   Skills:
 + Level 14.4 Fighting
 + Level 5.8(14.4) Axes
 + Level 20.2(20.5) Maces & Flails
 + Level 8.3 Throwing
 + Level 15.3 Armour
 + Level 5.8 Dodging
 + Level 2.9 Stealth
 + Level 2.7 Shields
 + Level 3.3 Unarmed Combat


You had 13 spell levels left.
You didn't know any spells.
Your spell library contained the following spells:

 Spells                   Type           Power      Damage    Failure   Level
 Corpse Rot               Necr/Air       0%         N/A       99%         2
 Stone Arrow              Conj/Erth      0%         3d7       100%        3
 Animate Armour           Summ/Erth      0%         N/A       100%        4
 Dispel Undead            Necr           0%         3d6       100%        4
 Death Channel            Necr           0%         N/A       100%        6
 Lehudib's Crystal Spear  Conj/Erth      0%         10d2      100%        8


Dungeon Overview and Level Annotations

Branches:
Dungeon (10/15)            Temple (0/1) D:5            Lair (6/6) D:10
  Swamp (0/4) Lair:3        Snake (0/4) Lair:3        Slime (0/5) Lair:5
    Orc (0/2) D:10          Sewer (visited)           IceCv (visited)

Altars:
Makhleb
Trog
Wu Jian
Xom

Shops:
D:5 [   D:8 [   D:9 :   D:10 (

Annotations:
D:7 3 runed translucent doors, exclusion: door, js333's ghost, novice DECj


Innate Abilities, Weirdness & Mutations

You have a pair of horns on your head.
You reflexively headbutt those who attack you in melee.
Your mind is acute. (Int +2)
Your flesh is cold resistant. (rC+)
You passively map a small area around you.


Message History

The cane toad stings you but does no damage.
You can't go down here!
* * * LOW HITPOINT WARNING * * *
You feel very sick. The black mamba barely misses you.
The yak barely misses you. You furiously retaliate!
You headbutt the yak!! The yak gores you.
* * * LOW HITPOINT WARNING * * *
The basilisk gazes at you.
You are slowing down.
The yak gores you but does no damage. The death yak gores you.
You climb upwards.
You feel a strong urge to attack something.
* * * LOW HITPOINT WARNING * * *
You feel extremely sick.
Your limbs are stiffening.
There is a stone staircase leading down here.
You are too berserk!
You are too berserk!
Okay, then.
You are no longer berserk.
You are exhausted.
You feel yourself slow down.
* * * LOW HITPOINT WARNING * * *
You feel very sick. The black mamba barely misses you.
The cane toad stings you.
* * * LOW HITPOINT WARNING * * *
The yak barely misses you.
The black mamba bites you but does no damage.
The yak gores you.
* * * LOW HITPOINT WARNING * * *
The death yak gores you but does no damage.
The cane toad stings you. The basilisk barely misses you.
You furiously retaliate!
You headbutt the basilisk. The yak gores you but does no damage.
You have turned to stone.
The black mamba bites you!
* * * LOW HITPOINT WARNING * * *
The yak gores you but does no damage. x2; The cane toad stings you.
* * * LOW HITPOINT WARNING * * *
The black mamba bites you. The death yak gores you!!
You die...

###P..........#### ####
##..P..........#.# #### ##..#
#..P...###.......### ##..###P...
##..#..##P.........###..........
##...#.#.............#...#P....
##....##.....................##
#....###...........#.....##...#
##...###.....YYY.P##.#..###..##
#.....##.....l@FP.##.....##†#.#
##.....#......Y#S####...####..##
#P....#.........#.###.P.####.#.#
##..............##..##...#.##>.##
#..............<...........P....#
..................#..............
.####.#.......##.##..............
## ###....P...######..#.##......
.# ##..##.P.## #.#P.......##..#


You could see a death yak, a black mamba, 3 yaks, a cane toad and a basilisk.

Vanquished Creatures
  A frost giant (IceCv)
  Harold (D:10)
  6 hydras
  A two-headed ogre (D:10)
  6 death yaks
  Sonja (Lair:3)
  2 oklob plants
  An ugly thing (IceCv)
  Joseph (D:10)
  Maurice (D:10)
  2 black mambas (Lair:3)
  8 cane toads
  4 elephants (Lair:3)
  Maggie (D:8)
  12 rime drakes
  Psyche (D:10)
  5 komodo dragons
  6 polar bears
  26 blink frogs
  5 dream sheep (Lair:5)
  A slime creature (Lair:5)
  2 shadows
  3 wyverns
  37 yaks
  3 basilisks
  2 steam dragons (D:9)
  8 vampire mosquitoes (Lair:3)
  2 sky beasts
  7 ice beasts
  5 orc warriors
  24 water moccasins
  Duvessa (D:5)
  5 black bears
  2 ogres (D:6)
  A necrophage (D:5)
  6 centaurs
  16 wolves
  A phantom (D:6)
  3 kobold brigands
  2 gnoll sergeants
  21 bullfrogs
  2 scorpions
  A water moccasin skeleton (D:7)
  A wyvern skeleton (D:6)
  Dowan (D:5)
  5 killer bees (D:8)
  21 wights
  3 electric eels
  4 howler monkeys (D:8)
  2 lava snakes (D:8)
  6 centaur zombies
  4 jellies
  3 hounds
  Crazy Yiuf (D:3)
  7 orc priests
  3 bullfrog skeletons
  Ijyb (D:3)
  Natasha (twice) (D:3)
  3 iguanas
  10 orc wizards
  A killer bee zombie (D:7)
  Robin (D:3)
  8 gnolls
  10 adders
  5 river rats
  3 shadow imps
  A white imp (D:6)
  A worm (D:3)
  3 dart slugs
  29 orcs
  5 ball pythons
  2 bats
  6 endoplasms
  6 giant cockroaches
  20 goblins
  9 hobgoblins
  11 jackals
  17 kobolds
  2 quokkas
  7 frilled lizards
  7 rats
  A bush (Lair:5)
478 creatures vanquished.

Vanquished Creatures (others)
  29 fungi
  35 plants
64 creatures vanquished.

Grand Total: 542 creatures vanquished

Notes
Turn   | Place    | Note
-------+----------+-------------------------------------------
     0 | D:1      | firemarshallily the Minotaur Berserker began the quest for
                  | the Orb.
     0 | D:1      | Reached XP level 1. HP: 19/19 MP: 0/0
   120 | D:1      | HP: 1/20 [kobold/stone (1)]
   151 | D:1      | Reached XP level 2. HP: 4/27 MP: 1/1
   644 | D:1      | Found a faded altar of an unknown god.
   644 | D:1      | Noticed a soul eater
   927 | D:1      | Reached ** piety under Trog
   928 | D:1      | Reached XP level 3. HP: 33/33 MP: 2/2
  1324 | D:2      | Reached skill level 1 in Maces & Flails
  1509 | D:2      | Reached XP level 4. HP: 31/40 MP: 3/3
  1910 | D:3      | Noticed Robin
  1917 | D:3      | Reached skill level 2 in Maces & Flails
  1925 | D:3      | Killed Robin
  1930 | D:3      | Reached *** piety under Trog
  2178 | D:3      | Noticed Natasha
  2190 | D:3      | Killed Natasha
  2191 | D:3      | Reached skill level 3 in Maces & Flails
  2191 | D:3      | Reached XP level 5. HP: 32/47 MP: 4/4
  2407 | D:3      | Noticed Natasha
  2419 | D:3      | Killed Natasha
  2637 | D:3      | Noticed a black bear
  2644 | D:3      | Killed a black bear
  2645 | D:3      | Reached skill level 4 in Maces & Flails
  2645 | D:3      | Reached XP level 6. HP: 48/53 MP: 5/5
  2715 | D:3      | Found a runed translucent door.
  2716 | D:3      | Noticed Crazy Yiuf
  2808 | D:3      | Noticed Ijyb
  2816 | D:3      | Killed Ijyb
  2930 | D:3      | Killed Crazy Yiuf
  3210 | D:4      | Reached skill level 5 in Maces & Flails
  3834 | D:5      | Entered Level 5 of the Dungeon
  3844 | D:5      | Reached skill level 5 in Fighting
  3900 | D:5      | Reached skill level 1 in Throwing
  3902 | D:5      | Reached XP level 7. HP: 46/61 MP: 6/6
  4113 | D:5      | Reached skill level 6 in Maces & Flails
  4263 | D:5      | Noticed Duvessa
  4263 | D:5      | Noticed Dowan
  4268 | D:5      | Killed Duvessa
  4278 | D:5      | Killed Dowan
  4279 | D:5      | Reached skill level 7 in Maces & Flails
  4306 | D:5      | Found Loerig's Armour Emporium.
  4320 | D:5      | Bought a +1 pair of gloves of dexterity for 231 gold pieces
  4345 | D:5      | Reached skill level 8 in Maces & Flails
  4345 | D:5      | Reached XP level 8. HP: 69/69 MP: 7/7
  4373 | D:5      | Found a staircase to the Ecumenical Temple.
  4635 | D:5      | Reached skill level 5 in Armour
  4810 | D:5      | Identified a scroll of acquirement
  4810 | D:5      | Acquired a manual of Maces & Flails
  5064 | D:6      | Reached skill level 9 in Maces & Flails
  5092 | D:6      | Reached **** piety under Trog
  5112 | D:6      | Reached skill level 10 in Maces & Flails
  5143 | D:6      | Reached skill level 11 in Maces & Flails
  5177 | D:6      | Reached XP level 9. HP: 68/78 MP: 8/8
  5256 | D:6      | Found a glowing drain.
  5260 | Sewer    | Entered a sewer
  5336 | Sewer    | Found a glowing silver altar of Zin.
  5509 | D:6      | Reached skill level 12 in Maces & Flails
  6269 | D:7      | Noticed js333's ghost (novice DECj)
  6270 | D:7      | Found a runed translucent gate.
  6270 | D:7      | Found a runed translucent gate.
  6270 | D:7      | Found a runed translucent gate.
  6331 | D:7      | Reached ***** piety under Trog
  6354 | D:7      | You fall into a shaft and drop 1 floor!
  6357 | D:8      | Reached skill level 13 in Maces & Flails
  6371 | D:8      | Reached skill level 14 in Maces & Flails
  6542 | D:8      | Found Jampadub's Armour Boutique.
  6573 | D:8      | Reached XP level 10. HP: 86/86 MP: 9/9
  6912 | D:8      | Noticed Maggie
  6917 | D:8      | Reached skill level 15 in Maces & Flails
  6920 | D:8      | Killed Maggie
  7115 | D:7      | Received a gift from Trog
  7156 | D:7      | Reached skill level 5 in Throwing
  7937 | D:8      | Found a bloodstained altar of Trog.
  8046 | D:8      | Found a burning altar of Makhleb.
  8385 | D:9      | Reached skill level 1 in Stealth
  8401 | D:9      | Reached XP level 11. HP: 87/97 MP: 10/10
  8408 | D:9      | Reached skill level 10 in Armour
  8416 | D:9      | Reached skill level 16 in Maces & Flails
  9036 | D:9      | Found Taesunt's Book Boutique.
  9354 | D:10     | Entered Level 10 of the Dungeon
  9354 | D:10     | Noticed Harold
  9354 | D:10     | Found Lafolim's Antique Weapon Shop.
  9364 | D:10     | Killed Harold
  9419 | D:10     | Bought a runed morningstar for 175 gold pieces
  9426 | D:10     | Noticed Psyche
  9443 | D:10     | Killed Psyche
  9572 | D:10     | Found a staircase to the Orcish Mines.
  9627 | D:10     | Received a gift from Trog
  9636 | D:10     | Noticed Maurice
  9655 | D:10     | Reached skill level 10 in Fighting
  9659 | D:10     | Killed Maurice
  9744 | D:10     | Noticed Joseph
  9748 | D:10     | Noticed a two-headed ogre
  9759 | D:10     | Killed a two-headed ogre
  9763 | D:10     | Killed Joseph
  9764 | D:10     | Reached skill level 17 in Maces & Flails
 10163 | D:10     | Found a staircase to the Lair.
 10277 | Lair:1   | Entered Level 1 of the Lair of Beasts
 10342 | Lair:1   | Noticed a five-headed hydra
 10347 | Lair:1   | Killed a five-headed hydra
 10348 | Lair:1   | Reached skill level 1 in Unarmed Combat
 10519 | Lair:1   | Noticed a seven-headed hydra
 10523 | Lair:1   | Killed a seven-headed hydra
 10837 | Lair:1   | Reached XP level 12. HP: 100/110 MP: 11/11
 10943 | Lair:1   | Found an ornate altar of the Wu Jian Council.
 11111 | Lair:2   | Reached skill level 5 in Dodging
 11113 | Lair:2   | Noticed a seven-headed hydra
 11118 | Lair:2   | Reached skill level 18 in Maces & Flails
 11122 | Lair:2   | Killed a seven-headed hydra
 11605 | Lair:2   | Received a gift from Trog
 12000 | Lair:3   | Gained mutation: You passively map a small area around you.
                  | [potion of mutation]
 12000 | Lair:3   | Gained mutation: You sometimes lose the ability to read
                  | scrolls when taking damage. [potion of mutation]
 12000 | Lair:3   | Gained mutation: Your spells are a little easier to cast,
                  | but a little less powerful. [potion of mutation]
 12001 | Lair:3   | Lost mutation: Your spells are a little easier to cast, but
                  | a little less powerful. [potion of mutation]
 12001 | Lair:3   | Lost mutation: You passively map a small area around you.
                  | [potion of mutation]
 12001 | Lair:3   | Lost mutation: You sometimes lose the ability to read
                  | scrolls when taking damage. [potion of mutation]
 12001 | Lair:3   | Gained mutation: You passively map a small area around you.
                  | [potion of mutation]
 12001 | Lair:3   | Gained mutation: Your flesh is cold resistant. (rC+)
                  | [potion of mutation]
 12001 | Lair:3   | Gained mutation: Your mind is acute. (Int +2) [potion of
                  | mutation]
 12003 | Lair:3   | Reached skill level 5 in Axes
 12003 | Lair:3   | Reached XP level 13. HP: 115/118 MP: 12/12
 12129 | Lair:3   | Found a staircase to the Snake Pit.
 12340 | Lair:3   | Found a staircase to the Swamp.
 12399 | Lair:3   | Found a frozen archway.
 12415 | IceCv    | Entered an ice cave
 12562 | IceCv    | Reached skill level 19 in Maces & Flails
 12704 | IceCv    | Noticed a frost giant
 12714 | IceCv    | Killed a frost giant
 12937 | IceCv    | Reached XP level 14. HP: 116/127 MP: 13/13
 13379 | Lair:3   | Noticed Sonja
 13388 | Lair:3   | Killed Sonja
 14440 | Lair:4   | Received a gift from Trog
 14820 | Lair:4   | Found a shimmering altar of Xom.
 15136 | Lair:5   | Reached skill level 15 in Armour
 15144 | Lair:5   | Reached skill level 20 in Maces & Flails
 15665 | Lair:5   | Found a staircase to the Slime Pits.
 16155 | Lair:6   | Entered Level 6 of the Lair of Beasts
 16178 | Lair:5   | HP: 5/133 [black mamba (6)]
 16178 | Lair:5   | Slain by a death yak

Illustrated notes

Levels and vault maps discovered:
D:1:      minmay_arrival_widening_spiral_narrow, layout_rooms,
          dreamdust_ecumenical_altar_sealed_demon
D:2:      layout_loops_cross
D:3:      layout_loops_cross, uniq_natasha, uniq_robin, uniq_crazy_yiuf_cottage,
          uniq_ijyb
D:4:      layout_loops_ring
D:5:      layout_loops_corners, minmay_temple_entry_waves, serial_shops,
          nicolae_stop_n_shop_1, uniq_duvessa
D:6:      layout_loops_ring, gup_sewer_entry_bowl, kennysheep_generic_room_2
D:7:      layout_loops_ring, gammafunk_ghost_nasty_kobolds
D:8:      layout_loops_ring, trog_book, general_overflow_altar, serial_shops,
          kennysheep_mini_moat, nrook_loot_triangle, st_stairs_10,
          kennysheep_boxes, uniq_maggie
D:9:      minmay_four_partial_circles, layout_long_grid, serial_shops,
          nicolae_inconvenience_store
D:10:     layout_rooms, grunt_lair_entry_orc_guard_hut, orc_0_dummy,
          enter_bailey_2, serial_shops, nicolae_stop_n_shop_1, uniq_maurice,
          uniq_joseph, uniq_harold, uniq_psyche
Lair:1:   layout_loops_ring, basic_altar, nicolae_quartered_pool_impasse,
          serial_bayou_lagoon_a
Lair:2:   layout_big_grid, cheibrodos_lair_reptile_den, lemuel_fruit_fields
Lair:3:   layout_regular_city, minmay_swamp_entry_swarm,
          minmay_snake_entry_six_corridors, portal_ice_cave_entry_pillars_1,
          serial_bayou_shore_b, lemuel_fruit_tree, uniq_sonja
Lair:4:   layout_loops_ring, basic_altar
Lair:5:   layout_loops_ring, minmay_slime_entry_pillars,
          minmay_lair_oklob_bushes
Lair:6:   wormcave, layout_big_grid

Skill      XL: |  1  2  3  4  5  6  7  8  9 10 11 12 13 14 |
---------------+-------------------------------------------+-----
Axes           | 4 5 |  5.8
Fighting       | 4 5 6 7 9 11 12 14 | 14.4
Maces & Flails | 1 3 4 5 8 11 14 15 17 18 19 20 | 20.2
Armour         | 3 4 6 8 9 12 13 14 15 | 15.3
Dodging        | 3 4 5 |  5.8
Throwing       | 1 2 4 5 6 7 8 |  8.3
Stealth        | 1 2 |  2.9
Unarmed Combat | 1 3 |  3.3
Shields        | 2 |  2.7

Action                   |  1- 3 |  4- 6 |  7- 9 | 10-12 | 13-15 || total
-------------------------+-------+-------+-------+-------+-------++-------
Melee: Hand axe          |    21 |       |       |       |       ||    21
       Headbutt          |     6 |    18 |    27 |    68 |    70 ||   189
       Morningstar       |    66 |    95 |    50 |       |       ||   211
       Flail             |       |       |    81 |   314 |   234 ||   629
       Unarmed           |       |       |       |     8 |       ||     8
       Great mace        |       |       |       |       |    77 ||    77
Throw: Stone             |     9 |     8 |       |       |    14 ||    31
       Boomerang         |       |       |    29 |     8 |     8 ||    45
       Javelin           |       |       |       |    11 |    32 ||    43
Invok: Berserk           |     1 |       |     1 |       |     1 ||     3
Evoke: Wand              |       |       |       |       |     1 ||     1
  Use: Scroll            |       |    10 |     3 |     8 |     4 ||    25
       Potion            |       |       |       |     5 |     1 ||     6
Armor: Animal skin       |     4 |       |       |       |       ||     4
       Leather armour    |    11 |     7 |       |       |       ||    18
       Plate armour      |       |    22 |    45 |   149 |   174 ||   390
       Skin              |       |       |       |     8 |       ||     8
Dodge: Dodged            |    55 |    50 |    63 |   190 |   146 ||   504
